 Dungeon Crawl Stone Soup version 0.21.1-1-g345015f (webtiles) character file.

81 inmateoo the Firebug (level 4, -2/48 HPs)
             Began as a Demonspawn Fire Elementalist on Feb 18, 2018.
             Slain by Grinder (4 damage)
             ... on level 4 of the Dungeon.
             The game lasted 00:03:22 (1819 turns).

inmateoo the Firebug (Demonspawn Fire Elementalist) Turns: 1819, Time: 00:03:22

Health: -2/48      AC:  4    Str: 13    XL:     4   Next: 19%
Magic:  1/7        EV: 12    Int: 17    God:
Gold:   37         SH:  0    Dex: 14    Spells: 4/7 levels left

rFire    + . .     SeeInvis .   e - +0 short sword
rCold    x . .     Gourm    .   (no shield)
rNeg     . . .     Faith    .   a - +0 robe
rPois    .         Spirit   .   (no helmet)
rElec    .         Reflect  .   (no cloak)
rCorr    .         Harm     .   (no gloves)
MR       .....                  (no boots)
Stlth    ..........             (no amulet)
HPRegen  0.16/turn              d - ring of fire
MPRegen  0.10/turn              (no ring)

@: mighty, berserking, very quick
A: talons 2, yellow scales 1
a: no special abilities


You were on level 4 of the Dungeon.
You were hungry.

You visited 1 branch of the dungeon, and saw 4 of its levels.

You collected 37 gold pieces.

Inventory:

Hand Weapons
 e - a +0 short sword (weapon)
Armour
 a - a +0 robe (worn)
 g - a +0 buckler
 h - a +0 ring mail
Jewellery
 d - a ring of fire (left hand)
Scrolls
 j - a scroll of identify {unknown}
 k - a scroll of enchant armour {unknown}
Books
 b - a book of Flames

   Spells                             Type                      Level
   a - Flame Tongue                   Conjuration/Fire             1
   b - Throw Flame                    Conjuration/Fire             2
   c - Conjure Flame                  Conjuration/Fire             3
   d - Inner Flame                    Hexes/Fire                   3
   e - Sticky Flame                   Conjuration/Fire             4
   f - Fireball                       Conjuration/Fire             5
Comestibles
 c - 3 rations
 l - a chunk of flesh


   Skills:
 + Level 1.0 Fighting
 + Level 2.1 Dodging
 + Level 2.1 Stealth
 + Level 2.2 Spellcasting
 * Level 2.2 Conjurations
 * Level 3.3 Fire Magic


You had 4 spell levels left.
You knew the following spells:

 Your Spells              Type           Power        Failure   Level  Hunger
a - Flame Tongue          Conj/Fire      ###..        6%          1    #......
b - Throw Flame           Conj/Fire      ###...       9%          2    ###....


Dungeon Overview and Level Annotations

Branches:
Dungeon (4/15)
 Temple: D:4-7

Altars:

Annotations:
D:3 wotfoxis's ghost, amateur DESu
D:4 Grinder


Innate Abilities, Weirdness & Mutations

You have razor-sharp toenails.
You are partially covered in yellow scales. (AC +2)


Message History

You feel a surge of power!
The flame tongue hits Grinder.
Grinder is heavily wounded.
Grinder gestures at you. Pain shoots through your body!
* * * LOW HITPOINT WARNING * * *
It was a potion of might.
You feel very mighty all of a sudden. Grinder barely misses you.
It was a potion of berserk rage.
A red film seems to cover your vision as you go berserk!
You feel yourself moving faster!
You feel mighty! Grinder closely misses you.
You barely miss Grinder. Your kick misses Grinder.
Grinder is heavily wounded.
Grinder gestures at you.
You barely resist.
Unknown command.
You closely miss Grinder.
Grinder is heavily wounded.
Grinder hits you.
You die...

.#
.#
.#
.#
##.#
#..
#5#
#@#
#.#
#.#
#.#
..#
###


You could see Grinder.

Vanquished Creatures
  6 adders
  A worm (D:3)
  A dart slug (D:2)
  A leopard gecko (D:1)
  An orc (D:4)
  2 giant cockroaches (D:1)
  4 goblins (D:1)
  A hobgoblin (D:1)
  4 bats
  A frilled lizard (D:1)
  3 kobolds (D:1)
  A rat (D:1)
26 creatures vanquished.

Notes
Turn   | Place    | Note
-------+----------+-------------------------------------------
     0 | D:1      | inmateoo the Demonspawn Fire Elementalist began the quest for the Orb.
     0 | D:1      | Reached XP level 1. HP: 13/13 MP: 3/3
   730 | D:1      | Gained mutation: You have sharp toenails. [demonic ancestry]
   730 | D:1      | Reached XP level 2. HP: 19/19 MP: 3/5
   885 | D:1      | Learned a level 2 spell: Throw Flame
  1230 | D:1      | Reached skill level 3 in Fire Magic
  1251 | D:2      | Gained mutation: You have razor-sharp toenails. [demonic ancestry]
  1251 | D:2      | Reached XP level 3. HP: 18/25 MP: 2/6
  1548 | D:3      | Found a faded altar of an unknown god.
  1581 | D:3      | Reached skill level 1 in Fighting
  1581 | D:3      | Gained mutation: You are partially covered in yellow scales. (AC +2) [demonic ancestry]
  1581 | D:3      | Reached XP level 4. HP: 32/32 MP: 3/7
  1750 | D:3      | Noticed wotfoxis's ghost (amateur DESu)
  1797 | D:3      | Noticed Grinder
  1815 | D:4      | HP: 1/32 [Grinder/nerve-wracking pain (7)]
  1819 | D:4      | Slain by Grinder

Skill      XL: |  1  2  3 |
---------------+----------+-----
Dodging        | 2 |  2.1
Stealth        | 2 |  2.1
Fire Magic     | 3 |  3.3
Conjurations   | 2 |  2.2
Fighting       | 1 |  1.0
Spellcasting   | |  2.2

Action                   |  1- 3 |  4- 6 || total
-------------------------+-------+-------++-------
Melee: Unarmed           |    11 |       ||    11
       Short sword       |    16 |     6 ||    22
       Kick              |     1 |       ||     1
 Cast: Flame Tongue      |    41 |    12 ||    53
  Use: Scroll            |     3 |       ||     3
       Potion            |       |     2 ||     2
  Eat: Chunk             |     3 |       ||     3
Armor: Robe              |    20 |    12 ||    32
Dodge: Dodged            |    36 |    25 ||    61
